AoeStats
← 铁证如山王洪文

Pilgrims

509355948Analyzed
4v4 RM · 4d ago on Sep 26, 2026· 38m 35s· 8 players
Game mode
Random Map
Map size
Large (8 player)
Population
200
Speed
Normal
Resources
Standard
Victory
Conquest
Starting age
Dark Age
Ending age
Imperial Age
RankedLock teamsTeams togetherTeam positionsShared explorationLock speedFull tech treeHidden civsTurbo modeCheats
Victory
Defeat
🇨🇳 Varangians · China
1366
+13
🇨🇳 Khitans · China
1331
+14
🇹🇷 Tatars · Türkiye
1325
+14
🇦🇺 Dravidians · Australia
1291
+16
🇨🇳 Magyars · China
1296
-15
🇳🇱 Varangians · Netherlands
1294
-14
🇸🇪 Italians · Sweden
1292
-14
🇨🇳 Franks · China
1285
-14
铁证如山王洪文
12:30 Feudal Age
13:40 Double-Bit Axe
14:18 Loom
14:29 Fletching
15:57 Fishing Lines
21:24 Castle Age
21:22 Wheelbarrow
20:43 Gold Mining
22:02 Gillnets
22:23 Medium Warships
23:58 Horse Collar
24:29 Bow Saw
24:34 Bodkin Arrow
28:29 Gold Shaft Mining
27:44 Stone Mining
31:14 Imperial Age
28:31 Town Watch
28:25 Light Cavalry
29:15 Bloodlines
30:19 Clinker Construction
30:34 Ballistics
31:28 Masonry
31:59 Bracer
32:00 Padded Archer Armor
33:37 Chemistry
32:36 Heavy Cavalry Archer
34:12 Conscription
35:37 Silk Armor
38:00 Siege Engineers
700分明星选手
10:27 Feudal Age
14:44 Castle Age
14:09 Double-Bit Axe
14:14 Domestication
14:40 Loom
14:52 Town Watch
15:16 Fletching
15:41 Bow Saw
15:22 Gold Mining
21:25 Husbandry
21:52 Bodkin Arrow
22:32 Padded Archer Armor
28:05 Thumb Ring
29:34 Leather Archer Armor
32:52 Heavy Cavalry Archer
35:06 Ballistics
34:54 Pastoralism
35:52 Fortified Wall
39:38 Imperial Age
38:08 Treadmill Crane
車
6:26 Loom
11:05 Feudal Age
14:29 Fletching
23:47 Castle Age
28:43 Double-Bit Axe
JSJE
9:22 Loom
11:27 Feudal Age
12:38 Town Watch
14:47 Double-Bit Axe
19:17 Castle Age
17:25 Horse Collar
20:54 Medium Warships
21:16 Fletching
22:21 Bow Saw
22:46 Town Patrol
23:44 Wheelbarrow
24:05 Heavy Plow
29:55 Elite Skirmisher
30:41 Thumb Ring
30:37 Padded Archer Armor
31:10 Bodkin Arrow
32:52 Ballistics
33:15 Leather Archer Armor
35:50 Imperial Age
34:45 Scale Mail Armor
34:56 Forging
36:35 Chain Mail Armor
36:56 Iron Casting
37:05 Conscription
36:53 Bracer
37:55 Chemistry
37:01 Fishing Lines
37:03 Elite Elephant Archer
39:10 Ring Archer Armor
39:11 Plate Mail Armor
Jiib
6:04 Loom
11:45 Feudal Age
15:33 Castle Age
13:34 Fishing Lines
13:46 Double-Bit Axe
15:13 Horse Collar
15:45 Gold Mining
16:09 Fletching
15:40 Crossbowman
17:08 Wheelbarrow
18:10 Bodkin Arrow
19:52 Stone Mining
23:18 Thumb Ring
28:26 Padded Archer Armor
31:25 Ballistics
BenBouten4
5:59 Loom
12:07 Feudal Age
13:46 Double-Bit Axe
13:53 Gold Mining
14:22 Stone Mining
14:53 Fishing Lines
17:34 Castle Age
18:18 Wheelbarrow
17:59 Forging
19:04 Bow Saw
18:49 Town Watch
29:03 Fletching
30:08 Bodkin Arrow
31:26 Padded Archer Armor
32:38 Husbandry
32:53 Bloodlines
33:27 Scale Barding Armor
34:52 Chain Barding Armor
38:19 Iron Casting
等我升精锐
2:54 Loom
11:12 Feudal Age
11:49 Double-Bit Axe
15:53 Fishing Lines
21:07 Castle Age
20:03 Fletching
19:57 Horse Collar
21:25 Gold Mining
22:00 Bodkin Arrow
22:06 Padded Archer Armor
24:57 Bow Saw
28:14 Town Watch
29:08 Wheelbarrow
33:02 Ballistics
36:25 Thumb Ring
Jkun
5:20 Loom
15:29 Feudal Age
18:19 Fletching
20:48 Double-Bit Axe
25:58 Castle Age
25:54 Town Watch
26:24 Gold Mining
26:42 Scale Barding Armor
26:50 Forging
28:23 Bow Saw
29:24 Scale Mail Armor
28:53 Man-at-Arms
33:11 Long Swordsman
34:11 Chain Mail Armor
35:19 Iron Casting
35:08 Squires
36:30 Gold Shaft Mining
36:40 Wheelbarrow
37:05 Arson
37:11 Gambesons
37:12 Arson
38:59 Hand Cart
Connection lost

Rejoining the realm…

Still unreachable

The connection could not be restored.

Session expired

The server has moved on; the page needs a fresh start.